 Dungeon Crawl Stone Soup version 0.30-a0-626-gd6a5dd7a1f (webtiles) character file.

Game seed: 13141578161426419531

385 purpskrrrp the Grasshopper (level 6, -2/53 HPs)
             Began as an Armataur Warper on Jan 11, 2023.
             Was an Initiate of Gozag.
             Slain by an orc wizard
             ... wielding a +0 dagger
              (4 damage)
             ... on level 3 of the Dungeon on Jan 12, 2023.
             The game lasted 00:07:33 (3481 turns).

purpskrrrp the Grasshopper (Armataur Warper)        Turns: 3481, Time: 00:07:33

Health: -2/53      AC:  7    Str: 18    XL:     6   Next: 48%
Magic:  10/10      EV:  9    Int: 13    God:    Gozag
Gold:   534        SH:  0    Dex: 10    Spells: 8/10 levels left

rFire   . . .      SeeInvis .    r - +0 spear (heavy)
rCold   . . .      Faith    .    (no shield)
rNeg    . . .      Spirit   .    b - +0 leather armour
rPois   +          Reflect  .    (no helmet)
rElec   .          Harm     .    o - +1 cloak
rCorr   +          Roll     +    (no gloves)
Will    .....                    (no barding)
Stlth   +                        (no amulet)
HPRegen 0.28/turn                n - ring of resist corrosion
MPRegen 0.12/turn                (no ring)

@: mighty
A: large, rugged brown scales 3, deformed body, armoured tail, roll, long
tongue, awkward tongue, poison resistance, wild magic 1
a: Renounce Religion, Potion Petition, Call Merchant, Bribe Branch


You were on level 3 of the Dungeon.
You worshipped Gozag.
Gozag was pleased with you.
You visited 1 branch of the dungeon, and saw 4 of its levels.

You collected 578 gold pieces.
You paid 44 gold pieces to Gozag.

Inventory:

Hand Weapons
 a - a +1 spear
 r - a +0 heavy spear (weapon)
Missiles
 d - 4 boomerangs of dispersal
 l - 5 boomerangs
Armour
 b - a +0 leather armour (worn)
 o - a +1 cloak (worn)
Jewellery
 n - a ring of resist corrosion (left hand)
Scrolls
 c - a scroll of blinking
 e - a scroll of fog
 f - 2 scrolls of teleportation
 q - a scroll of magic mapping {unknown}
Potions
 j - 3 potions of magic
 m - 3 potions of degeneration


   Skills:
 + Level 2.8 Fighting
 + Level 2.6 Polearms
 - Level 2.1 Throwing
 + Level 3.0 Armour
 + Level 2.3 Dodging
 + Level 2.7 Spellcasting
 + Level 4.0 Translocations


You had 8 spell levels left.
You knew the following spells:

 Your Spells              Type           Power      Damage    Failure   Level
a - Blink                 Tloc           32%        N/A       13%         2

Your spell library contained the following spells:

 Spells                   Type           Power      Damage    Failure   Level
 Lesser Beckoning         Tloc           32%        N/A       22%         3
 Teleport Other           Tloc           16%        N/A       22%         3
 Vhi's Electric Charge    Tloc/Air       18%        N/A       45%         3
 Manifold Assault         Tloc           16%        N/A       56%         4


Dungeon Overview and Level Annotations

Branches:
Dungeon (4/15)
 Temple: D:4-7

Altars:
Gozag


Innate Abilities, Weirdness & Mutations

You are completely covered in rugged brown scales. (AC +3, +7% HP)
Armour fits poorly on your strangely shaped body.
You have a long armoured tail.
You roll when moving toward enemies. (Rampage)
Your long tongue fully drains potion bottles. (2x potion effects)
Your tongue gives you trouble enunciating. (1.5x scroll delay)
Your system is resistant to poisons. (rPois)
Your spells are a little harder to cast, but a little more powerful.


Message History

* * * LOW HITPOINT WARNING * * *
Something hits you but does no damage. Something hits you.
* * * LOW HITPOINT WARNING * * *
You puncture something!
Reactivating autopickup.
You feel a bit more experienced.
You hear some strange, mumbled words.
Deactivating autopickup; reactivate with Ctrl-A.
You are confused.
Your Armour skill increases to level 3!
You barely miss something.
Your tail-slap misses something.
You hear some strange, mumbled words.
You are more confused.
You bump into the rock wall.
Something hits you.
* * * LOW HITPOINT WARNING * * *
You bump into the rock wall.
Something hits you.
* * * LOW HITPOINT WARNING * * *
You closely miss something. Something hits you.
* * * LOW HITPOINT WARNING * * *
You hear some strange, mumbled words.
A puff of flame appears from out of thin air!
The puff of flame hits you.
* * * LOW HITPOINT WARNING * * *
You bump into the rock wall.
Something hits you but does no damage.
Things that are here:
33 gold pieces; a +0 dagger; a +0 robe You bump into the rock wall.
You hear some strange, mumbled words.
A magic dart appears from out of thin air!
The magic dart hits you!
* * * LOW HITPOINT WARNING * * *
You slurp down every last drop of the potion of might!
You feel very mighty all of a sudden. Something hits you but does no damage.
You're too confused to move!
Something hits you but does no damage.
You completely miss something.
You feel less confused. Something hits you.
You die...
Your body crumbles into a pile of gold.

.#.# #.#.##.># #.#
#.#### .#.#
#.#.##..# #.#
#..... .#.#
#....#..# #.#
###### .#)#
#.......# #.#
.#.###.......# #.#
..[....##.#### #.#
## .#.######.# #.#
#. .#.# #.# #{# #.
.#.# #.# #@# #.
.#.######.# #.# #.
#.........######.#
#.
##.######........#
#. #### #.########
#. # #.#
##########. # #.#
#.......... # #.#
#.########. # #.#
#.# ###.


There were no monsters in sight!

Vanquished Creatures
  A scorpion (D:4)
  A hound (D:4)
  2 orc priests (D:4)
  An iguana (D:4)
  2 orc wizards (D:3)
  5 adders
  A worm (D:3)
  4 dart slugs
  15 orcs
  5 bats
  9 endoplasms
  8 giant cockroaches
  8 goblins
  6 hobgoblins
  4 kobolds
  3 quokkas
  8 ball pythons
  3 frilled lizards
  6 rats
92 creatures vanquished.

Notes
Turn   | Place    | Note
-------+----------+-------------------------------------------
     0 | D:1      | purpskrrrp the Armataur Warper began the quest for the Orb.
     0 | D:1      | Reached XP level 1. HP: 18/18 MP: 3/3
    50 | D:1      | Reached skill level 1 in Throwing
    83 | D:1      | Reached XP level 2. HP: 25/25 MP: 4/4
   807 | D:1      | Reached XP level 3. HP: 30/31 MP: 6/6
  1143 | D:2      | Found an opulent altar of Gozag.
  1154 | D:2      | Became a worshipper of Gozag Ym Sagoz the Greedy
  1580 | D:2      | Reached XP level 4. HP: 22/38 MP: 7/7
  2069 | D:3      | Found a faded altar of an unknown god.
  2491 | D:3      | Reached XP level 5. HP: 28/44 MP: 8/8
  3088 | D:4      | Learned a level 2 spell: Blink
  3150 | D:4      | Reached XP level 6. HP: 37/53 MP: 9/9
  3254 | D:4      | Gained mutation: You have a pair of small horns on your
                  | head. [potion of mutation]
  3254 | D:4      | Lost mutation: You have a pair of small horns on your head.
                  | [potion of mutation]
  3254 | D:4      | Gained mutation: Your system is resistant to poisons.
                  | (rPois) [potion of mutation]
  3254 | D:4      | Gained mutation: Your spells are a little harder to cast,
                  | but a little more powerful. [potion of mutation]
  3457 | D:4      | Reached skill level 4 in Translocations
  3478 | D:3      | HP: 1/53 [something/magic dart (7)]
  3481 | D:3      | Slain by an orc wizard

Illustrated notes

Levels and vault maps discovered:
D:1:      amcnicky_arrival_flooded_fountain, layout_basic, serial_curves,
          eino_curves_02, eino_curves_03, minmay_heptomino_h4
D:2:      minmay_alternating_diamond, layout_basic, basic_altar
D:3:      layout_loops_ring, nicolae_ecumenical_oubliette
D:4:      wad_river_or_something, layout_basic

Skill      XL: |  1  2  3  4  5  6 |
---------------+-------------------+-----
Throwing       | 1 2 |  2.1
Spellcasting   | 2 |  2.7
Fighting       | 2 |  2.8
Polearms       | 2 |  2.6
Armour         | 2 3 |  3.0
Dodging        | 2 |  2.3
Translocations | 4 |  4.0

Action                   |  1- 3 |  4- 6 || total
-------------------------+-------+-------++-------
Melee: Spear             |   148 |   178 ||   326
       Tailslap          |    12 |    18 ||    30
Throw: Boomerang         |     3 |       ||     3
 Cast: Blink             |       |     1 ||     1
  Use: Scroll            |       |     7 ||     7
       Potion            |       |     4 ||     4
Armor: Leather armour    |    46 |    85 ||   131
Dodge: Dodged            |    64 |    51 ||   115

Table legend: (Time is in decaauts)
 A = Elapsed time spent in this place.
 B = Non-inter-level travel time spent in this place.
 C = Inter-level travel time spent in this place.
 D = Time resting spent in this place.
 E = Time spent auto-exploring this place.
 F = Levels seen in this place.
 G = Mean time per level.
                   A        B        C        D        E       F      G
               +--------+--------+--------+--------+--------+-----+--------+
         Total |   3525 |   3394 |    131 |    165 |   2542 |   4 |  881.2 |
       Dungeon |   3525 |   3394 |    131 |    165 |   2542 |   4 |  881.2 |
               +--------+--------+--------+--------+--------+-----+--------+

Top non-repeatable levels by time:
     D:2: 1072 daAuts
     D:1: 1049 daAuts
     D:3: 977 daAuts
     D:4: 426 daAuts
